 Dungeon Crawl Stone Soup version 0.29.1 (webtiles) character file.

Game seed: 16747497113616080717

21 qw the Chopper (level 2, 0/26 HPs)
             Began as a Minotaur Berserker on Sept 13, 2022.
             Was a Follower of Trog.
             Succumbed to their own poison gas
             ... on level 1 of the Dungeon.
             The game lasted 00:00:16 (865 turns).

qw the Chopper (Minotaur Berserker)                  Turns: 865, Time: 00:00:17

Health: 0/26       AC:  3    Str: 21    XL:     2   Next: 62%
Magic:  1/1        EV: 12    Int:  4    God:    Trog [*.....]
Gold:   39         SH:  0    Dex:  9    Spells: 1/1 levels left

rFire   + . .      SeeInvis .   Y - +0 hand axe
rCold   + . .      Faith    .   (no shield)
rNeg    . . .      Spirit   .   b - +0 animal skin
rPois   .          Reflect  .   (helmet restricted)
rElec   .          Harm     .   j - scarf {rC+ rF+}
rCorr   .          Rampage  .   (no gloves)
Will    .....                   f - +0 pair of boots
Stlth   +.........              (no amulet)
HPRegen 0.08/turn               (no ring)
MPRegen 0.07/turn               (no ring)

@: lethally poisoned (0 -> -6)
A: horns 2, retaliatory headbutt
a: Renounce Religion, Berserk


You were on level 1 of the Dungeon.
You worshipped Trog.
Trog was aware of your devotion.
You visited 1 branch of the dungeon, and saw 1 of its levels.

You collected 39 gold pieces.


Innate Abilities, Weirdness & Mutations

You have a pair of horns on your head.
You reflexively headbutt those who attack you in melee.


   Skills:
 - Level 3.6 Fighting
 + Level 4.8 Axes
 - Level 2.4 Armour
 - Level 2.1 Dodging


You had one spell level left.
You didn't know any spells.
Your spell library was empty.

Inventory:

Hand Weapons
 h - a +0 club
 Y - a +0 hand axe (weapon)
Armour
 b - a +0 animal skin (worn)
 f - a +0 pair of boots (worn)
 j - a scarf of resistance (worn)
Potions
 c - a potion of invisibility {unknown}
 g - a potion of heal wounds

Dungeon Overview and Level Annotations

Branches:
Dungeon (1/15)

Altars:

Shops:
D:1 [


Message History

Done exploring.
756 ||| READING scroll labelled JEAPSYDIUDA.
As you read the scroll labelled JEAPSYDIUDA, it crumbles to dust.
A profound silence engulfs you.
It was a scroll of silence.
You start waiting.
Your hearing returns.
Done waiting.
Done exploring.
857 ||| READING scroll labelled MUVUXA RAKLED.
The air fills with toxic fumes!
As you read the scroll labelled MUVUXA RAKLED, it crumbles to dust.
It was a scroll of poison.
Done exploring.
858 ||| READING scroll labelled WYFRYR FEAFUF.
As you read the scroll labelled WYFRYR FEAFUF, it crumbles to dust.
You hear a loud clanging noise!
It was a scroll of noise.
Done exploring.
859 ||| DRINKING 2 golden potions.
It was a potion of heal wounds.
You feel much better.
Done exploring.
(D) Dungeon
Where to? (* - list waypoints, ? - help)
What level of the Dungeon? (default 1, ? - help) Sorry, I don't know how to get there.
Done exploring.
860 ||| Stepping randomly (stuck).
Really walk into that cloud of poison gas?
You are engulfed in poison gas.
You are poisoned.
You feel very sick.
861 ||| Stepping ~*~*~tactically~*~*~ (cloud).
You feel very sick.
There is a lethal amount of poison in your body!
You feel very sick.
There is a lethal amount of poison in your body!
You feel sick.
There is a lethal amount of poison in your body!
You feel sick.
There is a lethal amount of poison in your body!
You die...

#.....##########...# #.
###...........####.# ##.
###########......########..
#####............ ##.######....
#...........# ####¤¤###....(##
#########¤¤¤¤¤# #..####
#000¤00@00###.###..#
########### #......# #######
##..##.# #.....# #..##.#
#.....# #..####
#.....###############.##
#......................####
#.......######............#####
#.....#...#####........##......


There were no monsters in sight!

Vanquished Creatures
  An endoplasm (D:1)
  A goblin (D:1)
  4 hobgoblins (D:1)
  A kobold (D:1)
  2 quokkas (D:1)
  5 ball pythons (D:1)
  2 bats (D:1)
  2 frilled lizards (D:1)
  A rat (D:1)
19 creatures vanquished.

Notes
Turn   | Place    | Note
-------+----------+-------------------------------------------
     0 | D:1      | qw the Minotaur Berserker began the quest for the Orb.
     0 | D:1      | Reached XP level 1. HP: 19/19 MP: 0/0
     0 | D:1      | 0 ||| qw: Version: 0.1-a-119-g272c26d
     0 | D:1      | 0 ||| qw: Game counter: 11257
     0 | D:1      | 0 ||| qw: Always use a shield: true
     0 | D:1      | 0 ||| qw: Do Orc after D:15 true
     0 | D:1      | 0 ||| qw: Do second Lair branch before Depths: true
     0 | D:1      | 0 ||| qw: Lair rune preference: random
     0 | D:1      | 0 ||| qw: Plans: Normal
     0 | D:1      | 0 ||| PLANNING D:1-11
    84 | D:1      | 84 ||| Stepping ~*~*~tactically~*~*~ (stealth).
    99 | D:1      | Reached skill level 4 in Axes
   141 | D:1      | 141 ||| Stepping ~*~*~tactically~*~*~ (stealth).
   146 | D:1      | 146 ||| Stepping ~*~*~tactically~*~*~ (stealth).
   198 | D:1      | Reached XP level 2. HP: 26/26 MP: 1/1
   294 | D:1      | Found Giluc's Armour Shoppe.
   385 | D:1      | Found a faded altar of an unknown god.
   386 | D:1      | 386 ||| SHOPLISTING +0 leather armour (20 gold, have 5).
   386 | D:1      | 386 ||| SHOPLISTING +0 ring mail (40 gold, have 5).
   386 | D:1      | 386 ||| SHOPLISTING +0 scale mail (40 gold, have 5).
   386 | D:1      | 386 ||| SHOPLISTING +1 leather armour of Resilience {Contam
                  | rF+ rCorr Int+7} (357 gold, have 5).
   386 | D:1      | 386 ||| SHOPLISTING +2 leather armour of willpower (190
                  | gold, have 5).
   386 | D:1      | 386 ||| SHOPLISTING +2 plate armour of cold resistance (400
                  | gold, have 5).
   746 | D:1      | 746 ||| UPGRADING to +0 pair of boots.
   751 | D:1      | 751 ||| UPGRADING to scarf of resistance.
   756 | D:1      | 756 ||| READING scroll labelled JEAPSYDIUDA.
   857 | D:1      | 857 ||| READING scroll labelled MUVUXA RAKLED.
   858 | D:1      | 858 ||| READING scroll labelled WYFRYR FEAFUF.
   859 | D:1      | 859 ||| DRINKING 2 golden potions.
   860 | D:1      | 860 ||| Stepping randomly (stuck).
   861 | D:1      | 861 ||| Stepping ~*~*~tactically~*~*~ (cloud).
   862 | D:1      | HP: 5/26 [poisoned by you (poison gas)]
   864 | D:1      | HP: 1/26 [poisoned by you (poison gas)]
   865 | D:1      | Succumbed to their own poison gas

Levels and vault maps discovered:
D:1:      psy_arrival_radial01, layout_rooms,
          chequers_ecumenical_altar_simple_redux, serial_shops, shop

Skill      XL: |  1 |
---------------+----+-----
Axes           | 4 |  4.8
Fighting       | |  3.6
Armour         | |  2.4
Dodging        | |  2.1

Action                   || total
-------------------------++-------
Melee: Hand axe          ||    38
       Headbutt          ||     4
  Use: Scroll            ||     3
       Potion            ||     1
Armor: Animal skin       ||     3
Dodge: Dodged            ||    18

Table legend:
 A = Non-vault XP
 B = Vault XP
 C = Vault XP percentage of total XP
 D = Non-vault monster count
 E = Vault monster count
 F = Vault count percentage of total count
                 A         B        C        D         E       F
            +---------+---------+-------+---------+---------+-------
      Total |      30 |       0 |   0.0 |      19 |       0 |   0.0
            +---------+---------+-------+---------+---------+-------
        D:1 |      30 |       0 |   0.0 |      19 |       0 |   0.0
            +---------+---------+-------+---------+---------+-------
